 Dungeon Crawl Stone Soup version 0.20.1-1-g8b1a95d (webtiles) character file.

398413 equalderp2856 the Hoplite (level 22, -3/206 HPs)
             Began as a Minotaur Fighter on Oct 24, 2017.
             Slain by an ettin
             ... wielding a +0 dire flail
              (16 damage)
             ... on level 2 of the Depths.
             The game lasted 02:24:53 (68148 turns).

equalderp2856 the Hoplite (Minotaur Fighter)       Turns: 68148, Time: 02:24:54

Health: -3/206     AC: 39    Str: 31      XL:     22   Next: 51%
Magic:  34/34      EV: 15    Int:  4 (6)  God:
Gold:   1981       SH: 36    Dex: 17      Spells: 31/39 levels left

rFire    . . .     SeeInvis .   R - +3 trishula (holy)
rCold    . . .     Gourm    .   h - +10 large shield of Ignorance {rN+ Int-4}
rNeg     + . .     Faith    .   T - +9 chain mail of the Known World {rElec Str+8}
rPois    .         Spirit   .   o - +2 hat
rElec    +         Reflect  .   Z - +0 cloak
rCorr    .         Harm     .   z - +2 pair of gloves
MR       +....                  O - +2 pair of boots of Peek-a-Boo {Dex+4}
Stlth    ..........             A - amulet of rage
Regen    0.5/turn               P - +3 ring of protection
MPRegen  0.3/turn               g - +3 ring of protection

@: about to teleport, flayed, starving
A: retaliatory headbutt, horns 2
}: 1/15 runes: serpentine
a: Evoke Berserk Rage


You were on level 2 of the Depths.
You were starving.

You visited 8 branches of the dungeon, and saw 38 of its levels.
You also visited: Sewer, Ossuary, Volcano and Wizlab.

You collected 3253 gold pieces.
You spent 1272 gold pieces at shops.

Inventory:

Hand Weapons
 a - a +9 broad axe of draining
 t - a +2 broad axe of venom
 u - the +1 war axe "Qaplobups" {antimagic, rN+}
   (You found it on level 1 of the Crypt)

   It reduces the magical energy of the wielder, and disrupts the spells and
   magical abilities of those hit.
   Natural abilities and divine invocations are not affected.
   It protects you from negative energy.
 E - a +2 demon trident of flaming
 K - a +0 broad axe of flaming
 R - a +3 trishula of holy wrath (weapon)
 S - the +1 hand axe of Dissolution {chop, MR++}
   (You bought it in a shop on level 7 of the Dungeon)

   It inflicts extra damage upon your enemies.
   It affects your resistance to hostile enchantments.
Armour
 c - a +0 shield
 h - the +10 large shield of Ignorance (worn) {rN+ Int-4}
   (You found it on level 1 of the Vaults)

   It affects your intelligence (-4).
   It protects you from negative energy.
 o - a +2 hat (worn)
 z - a +2 pair of gloves (worn)
 O - the +2 pair of boots of Peek-a-Boo (worn) {Dex+4}
   (You bought it in a shop on level 7 of the Dungeon)

   It affects your dexterity (+4).
 T - the +9 chain mail of the Known World (worn) {rElec Str+8}
   (You found it on level 9 of the Dungeon)

   It affects your strength (+8).
   It insulates you from electricity.
 Y - a +3 plate armour of fire resistance
 Z - a +0 cloak (worn)
Jewellery
 b - an uncursed ring of ice
 g - a +3 ring of protection (right hand)
 v - an uncursed ring of magical power
 A - an amulet of rage (around neck)
 H - a +5 ring of strength
 P - a +3 ring of protection (left hand)
 W - an uncursed ring of poison resistance
Wands
 J - a wand of scattershot (3/9)
 M - a wand of digging (3/24)
 Q - a wand of scattershot (0/9)
 X - a wand of confusion (26/48)
Scrolls
 i - 9 scrolls of teleportation
 n - a scroll of blinking
 p - 4 scrolls of magic mapping
 s - a scroll of summoning
 w - 4 scrolls of amnesia
 y - 5 scrolls of enchant armour
 C - a scroll of identify
 G - 7 scrolls of remove curse
 N - 2 scrolls of fear
 V - 3 scrolls of fog
Potions
 d - 3 potions of might
 e - 2 potions of degeneration {unknown}
 j - 7 potions of brilliance
 k - 9 potions of curing
 l - a potion of berserk rage {unknown}
 m - 3 potions of agility {unknown}
 q - 2 potions of magic
 r - 3 potions of ambrosia {unknown}
 x - 5 potions of haste
 B - 5 potions of heal wounds
 D - 4 potions of flight
 F - 3 potions of lignification {unknown}
 I - 2 potions of mutation {unknown}
 U - a potion of invisibility
Books
 L - a book of Geomancy

   Spells                             Type                      Level
   a - Sandblast                      Earth                        1
   b - Passwall                       Transmutation/Earth          2
   c - Stone Arrow                    Conjuration/Earth            3
   d - Petrify                        Transmutation/Earth          4
   e - Lee's Rapid Deconstruction     Earth                        5
Comestibles
 f - 3 bread rations


   Skills:
 + Level 19.2 Fighting
 + Level 20.9(21.1) Axes
 + Level 5.6(15.1) Polearms
 + Level 15.9 Armour
 + Level 9.1 Dodging
 + Level 3.0 Stealth
 + Level 21.7 Shields
 * Level 9.2 Spellcasting
 * Level 9.6 Charms
 * Level 10.2 Air Magic
 + Level 1.4 Evocations


You had 31 spell levels left.
You knew the following spells:

 Your Spells              Type           Power        Failure   Level  Hunger
a - Sandblast             Erth           #.....       71%         1    #......
b - Passwall              Tmut/Erth      #.........   83%         2    ###....
c - Stone Arrow           Conj/Erth      #.....       97%         3    ###....
d - Swiftness             Chrm/Air       #.......     2%          2    ###....


Dungeon Overview and Level Annotations

Branches:
Dungeon (15/15)            Temple (0/1) D:4            Lair (6/6) D:9
  Swamp (0/4) Lair:4        Snake (4/4) Lair:4        Slime (0/5) Lair:6
    Orc (2/2) D:9             Elf (0/3) Orc:2        Vaults (4/5) D:14
  Crypt (3/3) Vaults:2       Tomb (1/3) Crypt:3      Depths (3/5) D:15

Altars:
Ashenzari
Cheibriados
Hepliaklqana
Makhleb
Nemelex Xobeh
Uskayaw
Vehumet
Yredelemnul
Zin
Jiyva

Shops:
D:7 *[   D:8 =   D:12 :   D:14 (   Orc:2 (?[[   Snake:1 =}}   Snake:2 ?
Vaults:2 :[[%[   Vaults:3 *   Vaults:4 *

Portals:
Hell: Depths:1
Abyss: Depths:1

Annotations:
D:6 2 transporters
D:11 1 runed door
Lair:3 exclusion: 3 oklob plants
Orc:2 Saint Roka


Innate Abilities, Weirdness & Mutations

You reflexively headbutt those who attack you in melee.
You have a pair of horns on your head.


Message History

You resist.
* * * LOW HITPOINT WARNING * * *
The air elemental barely misses you.
There is a stone staircase leading up here.
Unknown command.
You block the air elemental's attack. x3; The air elemental closely misses you.
You furiously retaliate!
You headbutt the air elemental.
You climb upwards.
The ancient lich shouts!
The ettin shouts in stereo!
A vampire comes into view.
You block the ancient lich's attack.
Found 20 arrows, 10 gold pieces and 14 stones.
There is a stone staircase leading down here.
As you read the scroll of teleportation, it crumbles to dust.
You feel strangely unstable.
You block the air elemental's attack. x2
You block the vampire's attack. The vampire closely misses you.
The air elemental misses you. You furiously retaliate!
You headbutt the air elemental!! You block the ancient lich's attack.
The ettin hits you with a dire flail!
You die...

#######
#$.@E(#
#.CLV.#
#.....#
+..#.(#
### ###


You could see an ancient lich, an ettin, an air elemental and a vampire.

Vanquished Creatures
  Mara (Crypt:3)
  Mennas (Depths:3)
  An ancient lich (Crypt:3)
  Vashnia (Snake:2)
  Rupert (D:8)
  4 liches
  4 ancient champions
  A sphinx (Vaults:4)
  A tentacled starspawn (WizLab)
  An eldritch tentacle (Vaults:4)
  2 revenants
  10 nagarajas
  A storm dragon (Vaults:4)
  A fire giant (Vaults:1)
  2 tengu reavers (Vaults:4)
  4 frost giants
  2 orc warlords (Depths:1)
  A curse skull (Vaults:2)
  12 vault wardens
  A deep elf sorcerer (Vaults:4)
  The ghost of Irenicus the Severer, a journeyman DDBe of Trog (Snake:3)
  11 ironheart preservers
  11 ghouls
  3 very ugly things
  4 vampire knights
  3 entropy weavers
  11 stone giants
  3 war gargoyles (Crypt:3)
  2 ettins (Vaults:3)
  3 deep elf death magi
  Snorg (Orc:1)
  Josephine (Orc:2)
  A crystal guardian (Vaults:4)
  11 fire dragons
  5 eidola
  9 jiangshi
  6 great orbs of eyes
  6 yaktaur captains
  2 rakshasas
  14 ogre magi
  Erolcha (D:13)
  Fannar (Lair:2)
  Harold (Lair:5)
  A vault guard (Vaults:4)
  4 ice dragons
  A catoblepas (shapeshifter) (Vaults:2)
  22 naga warriors
  11 hydras
  8 centaur warriors
  An anaconda (shapeshifter) (Vaults:3)
  4 death knights
  Erica (D:9)
  21 anacondas
  41 two-headed ogres
  2 tengu warriors (D:14)
  8 vampire magi
  2 deep troll shamans
  14 naga sharpshooters
  2 deep troll earth magi
  2 orc high priests (Depths:1)
  7 shock serpents
  13 hell knights
  Urug (D:9)
  3 deep elf knights
  A storm dragon zombie (Crypt:3)
  14 skeletal warriors
  A fire crab (Vaults:4)
  A fire crab (shapeshifter) (Depths:1)
  A soul eater (Crypt:2)
  9 shadow wraiths
  The ghost of PointBlank the Basher, a novice DsCK of Xom (D:11)
  3 salamander mystics
  A glowing orange brain (shapeshifter) (Vaults:4)
  An unseen horror (D:11)
  9 flayed ghosts
  15 deep trolls
  8 wizards
  A swamp dragon (shapeshifter) (Depths:1)
  11 phantasmal warriors
  A death drake (Depths:1)
  3 lindwurms
  A swamp dragon (Lair:4)
  11 ironbrand convokers
  3 necromancers
  An orange crystal statue (Depths:2)
  The ghost of equalderp2856 the Chopper, a novice MiFi (D:7)
  2 deep elf archers
  15 naga ritualists
  19 orc knights
  2 harpies (shapeshifter)
  10 deep elf magi
  41 ugly things
  18 mana vipers
  10 harpies
  2 wolf spider zombies
  7 wolf spiders
  An oklob plant (Lair:5)
  An iron dragon zombie (Tomb:1)
  A manticore (D:15)
  6 cyclopes
  A moth of wrath (shapeshifter) (Vaults:4)
  4 orc sorcerers
  11 salamanders
  63 black mambas
  2 stone giant skeletons (Crypt:3)
  5 elephants (Lair:6)
  4 gargoyles (Crypt:3)
  28 naga magi
  11 guardian serpents
  8 spiny frogs
  14 vault sentinels
  5 molten gargoyles
  A frost giant skeleton (Crypt:2)
  5 smoke demons
  50 yaktaurs
  2 rime drakes
  8 komodo dragons
  A yaktaur (shapeshifter) (Depths:1)
  13 freezing wraiths
  A komodo dragon (shapeshifter) (Vaults:2)
  An alligator snapping turtle skeleton (Crypt:2)
  A guardian mummy (Tomb:1)
  A jumping spider (Vaults:1)
  8 red devils
  A tengu conjurer (Depths:2)
  5 trolls
  2 hydra zombies
  8 hornets
  A meliai (shapeshifter) (Vaults:4)
  Prince Ribbit (D:7)
  2 raiju (Depths:2)
  Grinder (D:5)
  26 blink frogs
  A jumping spider zombie (Crypt:1)
  12 hippogriffs
  32 slime creatures
  An alligator zombie (Crypt:1)
  2 ettin zombies
  A fire dragon zombie (Crypt:1)
  7 dream sheep (Lair:5)
  An ice dragon zombie (Crypt:3)
  An ettin skeleton (Crypt:2)
  5 redbacks
  A fire dragon skeleton (Crypt:3)
  5 flying skulls (Crypt:1)
  17 wraiths
  An ice dragon skeleton (Crypt:1)
  4 shadows
  Sigmund (D:2)
  6 vampires (Crypt:3)
  A spriggan (shapeshifter) (Vaults:2)
  4 water elementals
  30 yaks
  A tarantella (shapeshifter) (Vaults:3)
  A tyrant leech zombie (Crypt:2)
  A tarantella (Vaults:2)
  3 fire elementals
  A hog (Vaults:4)
  Eustachio (D:6)
  6 wyverns
  Grum (D:11)
  2 golden eyes (Vaults:4)
  A yaktaur simulacrum (Vaults:3)
  6 fire bats (Volcano)
  8 basilisks
  A catoblepas simulacrum (Crypt:2)
  4 hungry ghosts
  9 vampire mosquitoes
  Menkaure (D:5)
  An acid dragon (Vaults:1)
  4 insubstantial wisps (Vaults:4)
  68 nagas
  A soldier ant (D:13)
  2 spatial vortices (Vaults:4)
  A deep troll zombie (Vaults:3)
  6 swamp worms (Lair:4)
  12 hell hounds
  16 water moccasins
  An infernal demonspawn skeleton (Crypt:1)
  13 wargs
  14 porcupines
  A hornet zombie (Crypt:2)
  8 ice beasts
  7 sky beasts
  A black bear (D:12)
  36 orc warriors
  2 phantoms
  3 necrophages
  A spiny frog skeleton (Crypt:2)
  43 ogres
  2 eyes of draining
  12 centaurs
  A snapping turtle skeleton (Crypt:3)
  6 boggarts
  A dream sheep skeleton (Crypt:1)
  A rime drake zombie (Crypt:2)
  30 wolves
  16 crocodiles
  A hog skeleton (Crypt:2)
  An elf zombie (Ossuary)
  8 big kobolds
  20 bullfrogs
  A human skeleton (Vaults:3)
  A gnoll sergeant (D:11)
  A komodo dragon skeleton (Crypt:2)
  3 wyvern skeletons (D:14)
  A polar bear zombie (Crypt:1)
  4 scorpions
  3 killer bees (D:12)
  18 wights
  A howler monkey (D:4)
  An electric eel (Lair:4)
  A vampire bat (Vaults:4)
  A troll skeleton (Crypt:2)
  2 bullfrog zombies
  5 centaur zombies
  7 crimson imps
  3 jellies
  A human zombie (Ossuary)
  11 lava snakes
  2 quasits
  4 hounds
  11 orc priests
  30 orc wizards
  3 bullfrog skeletons
  7 centaur skeletons
  7 iguanas
  12 worker ants
  Ijyb (D:5)
  A porcupine skeleton (Crypt:2)
  2 big kobold zombies (Ossuary)
  A tengu skeleton (Crypt:2)
  A big kobold skeleton (Crypt:2)
  2 hound zombies (Ossuary)
  7 mummies
  A worker ant zombie (D:5)
  24 adders
  8 gnolls
  A river rat (Sewer)
  4 shadow imps
  A white imp (Depths:1)
  3 oozes
  A worm zombie (Crypt:1)
  2 adder zombies
  6 worms
  2 dart slugs
  6 leopard geckos
  124 orcs
  4 giant cockroaches
  32 hobgoblins
  21 jackals
  21 kobolds
  6 quokkas
  3 ball pythons
  9 bats
  2 frilled lizards (D:4)
  31 goblins
  3 goblin zombies
  3 hobgoblin zombies
  A jackal skeleton (D:7)
  A kobold zombie (Ossuary)
  A leopard gecko zombie (D:8)
  9 rats
  A rat zombie (Ossuary)
  3 fungi
  3 plants (Lair:4)
  A starspawn tentacle (WizLab)
1874 creatures vanquished.

Vanquished Creatures (others)
  A two-headed ogre (Vaults:2)
  A guardian serpent (Snake:4)
  A black mamba (Snake:3)
  A fire elemental (Vaults:4)
  A boggart (Vaults:2)
  A bush (Snake:1)
  9 fungi
  10 plants
  7 starspawn tentacles (WizLab)
  18 withered plants (Crypt:3)
50 creatures vanquished.

Grand Total: 1924 creatures vanquished

Notes
Turn   | Place    | Note
-------+----------+-------------------------------------------
     0 | D:1      | equalderp2856 the Minotaur Fighter began the quest for the Orb.
     0 | D:1      | Reached XP level 1. HP: 19/19 MP: 0/0
   203 | D:1      | Reached XP level 2. HP: 27/27 MP: 1/1
   808 | D:2      | Reached skill level 4 in Shields
   830 | D:2      | Reached XP level 3. HP: 30/33 MP: 2/2
  1041 | D:2      | Found a shattered altar of Ashenzari.
  1050 | D:2      | Reached XP level 4. HP: 34/40 MP: 3/3
  1157 | D:2      | Noticed Sigmund
  1592 | D:2      | Killed Sigmund
  1592 | D:2      | Reached skill level 5 in Armour
  1592 | D:2      | Reached skill level 1 in Dodging
  1592 | D:2      | Reached XP level 5. HP: 40/47 MP: 4/4
  1683 | D:3      | Reached XP level 6. HP: 23/53 MP: 5/5
  1693 | D:3      | Reached skill level 5 in Axes
  1760 | D:3      | Found a glowing drain.
  1883 | Sewer    | Entered a sewer
  1954 | Sewer    | Reached skill level 5 in Shields
  2316 | Sewer    | Reached XP level 7. HP: 56/60 MP: 6/6
  3241 | D:4      | Reached skill level 5 in Fighting
  3443 | D:4      | Found a staircase to the Ecumenical Temple.
  3707 | D:4      | Got an ancient ring mail
  3945 | D:4      | Identified the +4 ring mail of Daisies {*Contam rF+++ Str+3 Stlth+} (You found it on level 4 of the Dungeon)
  4302 | D:5      | Entered Level 5 of the Dungeon
  4310 | D:5      | Noticed Menkaure
  4315 | D:5      | Killed Menkaure
  4315 | D:5      | Reached XP level 8. HP: 27/68 MP: 7/7
  4748 | D:5      | Noticed Grinder
  4756 | D:5      | Paralysed by Grinder for 7 turns
  4778 | D:5      | Killed Grinder
  4778 | D:5      | Reached skill level 6 in Shields
  5375 | D:5      | Noticed Ijyb
  5380 | D:5      | Killed Ijyb
  5468 | D:5      | Found a runed door.
  5473 | D:5      | Found a basalt altar of Yredelemnul.
  5738 | D:5      | Found a hide-covered altar of Uskayaw.
  6236 | D:6      | Reached skill level 7 in Shields
  6236 | D:6      | Reached XP level 9. HP: 73/74 MP: 8/8
  6273 | D:6      | Found a transporter.
  6273 | D:6      | Found a snail-covered altar of Cheibriados.
  6283 | D:6      | Found a transporter.
  6337 | D:6      | Noticed Eustachio
  6417 | D:6      | Found a sand-covered staircase.
  6424 | Ossuary  | Entered an ossuary
  6727 | D:6      | Reached skill level 10 in Axes
  7150 | D:7      | Noticed equalderp2856's ghost (novice MiFi)
  7151 | D:7      | Noticed Prince Ribbit
  7509 | D:8      | Found a radiant altar of Vehumet.
  7631 | D:8      | Noticed a two-headed ogre
  8186 | D:6      | Found a sparkling altar of Nemelex Xobeh.
  8187 | D:6      | Found a burning altar of Makhleb.
  8203 | D:6      | Found a hazy altar of Hepliaklqana.
  8280 | D:6      | Killed Eustachio
  8280 | D:6      | Reached skill level 1 in Stealth
  8477 | D:6      | Reached skill level 8 in Shields
  8686 | D:7      | Killed Prince Ribbit
  8686 | D:7      | Reached XP level 10. HP: 65/87 MP: 9/9
  8923 | D:7      | Found Ifaukkeb's General Store.
  9229 | D:7      | Killed equalderp2856's ghost
  9838 | D:7      | Found Agick's Antique Armour Shoppe.
  9846 | D:7      | Bought a shiny chain mail for 217 gold pieces
  9846 | D:7      | Bought a pair of scorched boots for 275 gold pieces
  9856 | D:7      | Identified the +2 pair of boots of Peek-a-Boo {Dex+4} (You bought it in a shop on level 7 of the Dungeon)
 10337 | D:8      | Found Zobb's Jewellery Shoppe.
 10384 | D:8      | Noticed a two-headed ogre
 10484 | D:8      | Noticed a two-headed ogre
 11621 | D:9      | Found a staircase to the Orcish Mines.
 11679 | D:9      | Reached skill level 9 in Shields
 12144 | D:9      | Found a staircase to the Lair.
 12480 | D:9      | Got an encrusted chain mail
 12491 | D:9      | Identified the +9 chain mail of the Known World {rElec Str+8} (You found it on level 9 of the Dungeon)
 12542 | Lair:1   | Entered Level 1 of the Lair of Beasts
 12612 | Lair:1   | Reached XP level 11. HP: 94/94 MP: 10/10
 13155 | Lair:2   | Noticed Fannar
 13238 | Lair:2   | Found a dark tunnel.
 13249 | Volcano  | Entered a volcano
 13396 | Volcano  | Reached skill level 10 in Shields
 13904 | Volcano  | Noticed a hell knight
 13909 | Volcano  | Killed a hell knight
 13909 | Volcano  | Reached skill level 5 in Dodging
 13915 | Volcano  | Found a burning altar of Makhleb.
 14294 | Lair:2   | Killed Fannar
 14598 | Lair:2   | Reached skill level 10 in Fighting
 14598 | Lair:2   | Reached skill level 10 in Armour
 14651 | Lair:2   | Reached skill level 1 in Evocations
 14662 | Lair:2   | Reached XP level 12. HP: 105/106 MP: 11/11
 14669 | Lair:2   | Reached skill level 11 in Shields
 15391 | Lair:3   | Reached skill level 15 in Axes
 15481 | Lair:3   | Noticed Harold
 16263 | Lair:3   | Noticed a seven-headed hydra
 16282 | Lair:3   | Killed a seven-headed hydra
 16905 | Lair:4   | Reached skill level 1 in Polearms
 16946 | Lair:4   | Found a staircase to the Snake Pit.
 16961 | Lair:4   | Reached skill level 12 in Shields
 17796 | Lair:4   | Reached XP level 13. HP: 107/116 MP: 12/12
 17906 | Lair:4   | Found a staircase to the Swamp.
 18888 | Lair:5   | Killed Harold
 19918 | Lair:6   | Entered Level 6 of the Lair of Beasts
 19932 | Lair:6   | Reached skill level 13 in Shields
 20077 | Lair:6   | Found a viscous altar of Jiyva.
 20078 | Lair:6   | Found a staircase to the Slime Pits.
 21361 | Lair:6   | Noticed a fire dragon
 21944 | Lair:6   | Found a large runed door.
 21945 | Lair:6   | Found a large runed door.
 22122 | Lair:6   | Killed a fire dragon
 22286 | Lair:6   | Learned a level 1 spell: Sandblast
 22289 | Lair:6   | Learned a level 2 spell: Passwall
 22293 | Lair:6   | Learned a level 3 spell: Stone Arrow
 22604 | Lair:5   | Reached XP level 14. HP: 102/127 MP: 13/13
 22749 | Orc:1    | Entered Level 1 of the Orcish Mines
 22749 | Orc:1    | Noticed Erica
 23117 | D:9      | Killed Erica
 23117 | D:9      | Reached skill level 14 in Shields
 23276 | Orc:1    | Noticed Snorg
 23298 | Orc:1    | Killed Snorg
 23727 | Orc:1    | Noticed Urug
 23880 | D:9      | Killed Urug
 23941 | Orc:2    | Entered Level 2 of the Orcish Mines
 23941 | Orc:2    | Noticed Rupert
 24030 | D:7      | Bought the +1 hand axe of Dissolution {chop, MR++} for 348 gold pieces
 24502 | D:8      | Killed Rupert
 24789 | Orc:2    | Noticed Saint Roka
 25497 | Orc:2    | Found a staircase to the Elven Halls.
 25927 | Orc:2    | Noticed Josephine
 25952 | Orc:2    | Killed Josephine
 26336 | Orc:1    | Reached skill level 15 in Shields
 27200 | Orc:2    | Found Tixt's Magic Scroll Boutique.
 27200 | Orc:2    | Found Sadeb's Antique Armour Emporium.
 27200 | Orc:2    | Found Piwkiceaxt's Antique Weapon Shoppe.
 27200 | Orc:2    | Found Otoykk's Armour Boutique.
 27237 | Orc:2    | Bought a scroll of fog for 34 gold pieces
 27299 | Orc:2    | Paralysed by an ogre mage for 7 turns
 28106 | D:10     | Entered Level 10 of the Dungeon
 28577 | D:10     | Reached XP level 15. HP: 125/137 MP: 15/15
 28937 | D:11     | Noticed PointBlank's ghost (novice DsCK)
 28944 | D:11     | Killed PointBlank's ghost
 29093 | D:11     | Learned a level 2 spell: Swiftness
 29147 | D:11     | Noticed Grum
 29166 | D:11     | Killed Grum
 29254 | D:11     | Found a glowing silver altar of Zin.
 29254 | D:11     | Found a runed door.
 29938 | D:12     | Reached skill level 1 in Spellcasting
 30133 | D:12     | Reached skill level 1 in Air Magic
 30205 | D:12     | Found Macus's Book Shoppe.
 30800 | D:13     | Reached skill level 1 in Charms
 31083 | D:13     | Noticed Erolcha
 31093 | D:13     | Killed Erolcha
 31185 | D:14     | Found Daucra Nadghi's Antique Weapon Shoppe.
 31226 | D:14     | Identified the scarf "Put-Me-On" {Int+4} (You found it on level 14 of the Dungeon)
 31327 | D:14     | Reached skill level 16 in Shields
 31880 | D:14     | Found a gate to the Vaults.
 32245 | D:15     | Entered Level 15 of the Dungeon
 33430 | D:15     | Found a staircase to the Depths.
 33945 | Snake:1  | Entered Level 1 of the Snake Pit
 33967 | Snake:1  | Found Loet's Jewellery Boutique.
 33967 | Snake:1  | Found Ejeg Via's Gadget Shoppe.
 33968 | Snake:1  | Found Zoqeumim's Gadget Shoppe.
 34353 | Snake:1  | Reached XP level 16. HP: 109/147 MP: 19/19
 35462 | Snake:2  | Noticed Vashnia
 35503 | Snake:2  | Reached skill level 15 in Fighting
 36583 | Snake:2  | Killed Vashnia
 36786 | Snake:2  | Found a sparkling altar of Nemelex Xobeh.
 37097 | Snake:2  | Found Faxzes's Magic Scroll Shop.
 37754 | Snake:3  | Noticed Irenicus's ghost (journeyman DDBe)
 38062 | Snake:3  | Reached skill level 17 in Shields
 39189 | Snake:4  | Entered Level 4 of the Snake Pit
 40093 | Snake:4  | Reached XP level 17. HP: 91/156 MP: 22/22
 40397 | Snake:4  | Identified the +11 great sword of Magnificence {speed, MR+ Str+2} (You found it on level 4 of the Snake Pit)
 40916 | Snake:4  | Reached skill level 5 in Air Magic
 42371 | Snake:3  | Killed Irenicus's ghost
 42734 | Snake:4  | Reached skill level 5 in Spellcasting
 42736 | Snake:4  | Reached skill level 5 in Charms
 43212 | Snake:4  | HP: 7/158 [naga ritualist/lance of force (11)]
 44757 | Snake:4  | Reached skill level 18 in Shields
 45247 | Snake:4  | Reached XP level 18. HP: 159/166 MP: 25/25
 45529 | Snake:4  | Got a serpentine rune of Zot
 46391 | Vaults:1 | Entered Level 1 of the Vaults
 47167 | Vaults:1 | Reached skill level 15 in Armour
 48322 | Vaults:2 | Found Lytapheh's Armour Shoppe.
 48685 | Vaults:2 | Found Kat Raudd's Book Emporium.
 49001 | Vaults:2 | Found Onuocoov's Antique Armour Boutique.
 49004 | Vaults:2 | Found Yris's Antique Armour Shoppe.
 49153 | Vaults:2 | Reached XP level 19. HP: 96/174 MP: 27/27
 49481 | Vaults:2 | Reached skill level 19 in Shields
 50296 | Vaults:2 | Reached skill level 5 in Polearms
 50635 | Vaults:2 | Found Daeqixu Rasch's Food Emporium.
 50655 | Vaults:2 | Found a staircase to the Crypt.
 51217 | Vaults:3 | Found Onok Omo's Assorted Antiques.
 51234 | Vaults:3 | Bought a runed broad axe for 336 gold pieces
 53228 | Vaults:3 | Reached XP level 20. HP: 94/184 MP: 29/29
 53649 | Vaults:4 | Identified the +8 scythe "Xouneit" {flame, *Slow rF+ Str+3 SInv} (You found it on level 4 of the Vaults)
 54111 | Vaults:4 | Found Vikhlyle's Assorted Antiques.
 54347 | Vaults:4 | Reached skill level 20 in Shields
 54356 | Vaults:4 | Identified the Disquisition on the Oath
 55331 | Vaults:4 | Identified Sif Muna's Incunabulum of Shape Shifting
 58398 | Crypt:1  | Entered Level 1 of the Crypt
 58475 | Crypt:1  | Reached XP level 21. HP: 159/194 MP: 32/32
 59800 | Crypt:1  | Got a twisted war axe
 59806 | Crypt:1  | Identified the +1 war axe "Qaplobups" {antimagic, rN+} (You found it on level 1 of the Crypt)
 59920 | Crypt:2  | Found a magical portal.
 59933 | WizLab   | Entered Lehudib's Moon Base
 60432 | Crypt:2  | Reached skill level 21 in Shields
 60909 | Crypt:3  | Entered Level 3 of the Crypt
 61315 | Vaults:4 | Bought a scroll of identify for 62 gold pieces
 61316 | Vaults:4 | Identified a scroll of acquirement
 63255 | Crypt:3  | Identified the cursed +1 mace of Buj Joisch {flame, +Rage rF+} (You found it on level 3 of the Crypt)
 63416 | Crypt:3  | Noticed Mara
 63424 | Crypt:3  | Noticed equalderp2856's illusion
 63758 | Crypt:3  | Noticed equalderp2856's illusion
 63772 | Crypt:3  | Killed Mara
 64456 | Crypt:3  | Found a staircase to the Tomb.
 64673 | Crypt:3  | Noticed an ancient lich
 64718 | Crypt:3  | Killed an ancient lich
 64718 | Crypt:3  | Reached XP level 22. HP: 178/204 MP: 34/34
 64805 | Tomb:1   | Entered Level 1 of the Tomb of the Ancients
 65648 | Depths:1 | Entered Level 1 of the Depths
 65857 | Depths:1 | Found a gateway to Hell.
 65945 | Depths:1 | Reached skill level 10 in Air Magic
 66073 | Depths:1 | Found a one-way gate to the infinite horrors of the Abyss.
 66971 | Depths:1 | Identified the +6 hand axe of Nemelex Xobeh's Scorn {drain, rF+ rN+} (You found it on level 1 of the Depths)
 67784 | Depths:3 | Noticed Mennas
 67827 | Depths:3 | Killed Mennas
 68133 | Depths:3 | Noticed a juggernaut
 68147 | Depths:2 | Noticed an ancient lich
 68148 | Depths:2 | Slain by an ettin

Skill      XL: |  1  2  3  4  5  6  7  8  9 10 11 12 13 14 15 16 17 18 19 20 21 22 |
---------------+-------------------------------------------------------------------+-----
Armour         | 4 5 6 7 9 10 12 13 14 15 | 15.9
Shields        | 4 5 7 8 9 10 12 13 15 16 17 18 19 20 21 | 21.7
Fighting       | 4 5 6 7 8 10 11 12 13 14 15 16 17 18 19 | 19.2
Axes           | 3 4 6 7 9 11 12 14 16 17 18 19 20 | 20.9
Dodging        | 1 2 3 4 5 6 7 8 9 |  9.1
Stealth        | 1 2 3 |  3.0
Evocations     | 1 |  1.4
Polearms       | 1 3 4 5 |  5.6
Spellcasting   | 3 4 5 6 7 8 9 |  9.2
Air Magic      | 3 4 6 7 8 9 10 | 10.2
Charms         | 2 4 5 6 7 8 9 |  9.6

Action                   |  1- 3 |  4- 6 |  7- 9 | 10-12 | 13-15 | 16-18 | 19-21 | 22-24 || total
-------------------------+-------+-------+-------+-------+-------+-------+-------+-------++-------
Melee: War axe           |    73 |   168 |   496 |   661 |  1330 |  1811 |   168 |       ||  4707
       Headbutt          |    11 |    31 |    87 |   182 |   505 |   612 |   696 |   104 ||  2228
       Trident           |       |       |       |     6 |    62 |       |       |       ||    68
       Demon trident     |       |       |       |       |    37 |       |    54 |       ||    91
       Hand axe          |       |       |       |       |    29 |    14 |   256 |       ||   299
       Broad axe         |       |       |       |       |       |       |  1390 |   303 ||  1693
 Cast: Swiftness         |       |       |       |       |       |     3 |       |       ||     3
 Abil: Evoke Berserk Rag |       |       |       |       |     1 |       |       |       ||     1
Evoke: Wand              |       |       |       |     8 |     4 |       |     4 |     1 ||    17
  Use: Scroll            |       |     3 |       |    12 |     4 |     8 |    21 |     5 ||    53
       Potion            |       |     2 |       |     1 |       |     3 |     1 |     1 ||     8
 Stab: Distracted        |       |       |       |       |       |       |     1 |       ||     1
  Eat: Fruit             |       |     1 |     2 |     4 |    14 |       |       |       ||    21
       Chunk             |       |     4 |    20 |    18 |    30 |     4 |    14 |     2 ||    92
       Royal jelly       |       |       |       |     2 |       |       |     1 |     1 ||     4
       Meat ration       |       |       |       |     1 |     2 |     6 |     3 |       ||    12
       Bread ration      |       |       |       |       |       |     3 |     5 |     1 ||     9
Armor: Scale mail        |    31 |    60 |   193 |    22 |       |       |       |       ||   306
       Chain mail        |       |       |       |   252 |   455 |   672 |   336 |    62 ||  1777
       Plate armour      |       |       |       |    73 |    43 |       |       |       ||   116
Dodge: Dodged            |    23 |    43 |   189 |   231 |   516 |   631 |   251 |    48 ||  1932
Block: Shield            |    41 |    70 |   310 |   402 |  1052 |  1173 |       |       ||  3048
       Large shield      |       |       |       |       |       |   621 |  2042 |   343 ||  3006
